 Dungeon Crawl Stone Soup version 0.20.1-1-g8b1a95d (webtiles) character file.

2494 mortelune the Fighter (level 9, -15/82 HPs)
             Began as a Minotaur Fighter on Nov 5, 2017.
             Demolished by a two-headed ogre
             ... wielding a +0 giant spiked club
              (22 damage)
             ... on level 8 of the Dungeon.
             The game lasted 00:23:45 (7389 turns).

mortelune the Fighter (Minotaur Fighter)            Turns: 7389, Time: 00:23:46

Health: -15/82     AC:  6    Str: 25    XL:     9   Next: 28%
Magic:  11/11      EV:  8    Int:  5    God:
Gold:   251        SH:  9    Dex:  9    Spells: 8/8 levels left

rFire    . . .     SeeInvis .   E - +4 hand axe (curse)
rCold    . . .     Gourm    .   c - +0 shield
rNeg     . . .     Faith    .   o - +3 leather armour
rPois    .         Spirit   .   (helmet restricted)
rElec    .         Reflect  .   (no cloak)
rCorr    .         Harm     .   (no gloves)
MR       +....                  (no boots)
Stlth    +.........             (no amulet)
Regen    0.3/turn               C - ring of wizardry
MPRegen  0.2/turn               n - ring of protection from magic

@: heavily drained
A: retaliatory headbutt, horns 2
a: no special abilities


You were on level 8 of the Dungeon.
You were very hungry.

You visited 1 branch of the dungeon, and saw 9 of its levels.

You collected 251 gold pieces.

Inventory:

Hand Weapons
 a - a +0 war axe
 v - a +2 antimagic flail
 E - a cursed +4 hand axe (weapon)
Missiles
 i - 45 poisoned needles
Armour
 b - a +0 scale mail
 c - a +0 shield (worn)
 o - a +3 leather armour (worn)
 u - a +0 chain mail
Jewellery
 n - a ring of protection from magic (right hand)
 C - a ring of wizardry (left hand)
Wands
 x - a wand of clouds (2/9)
 y - a wand of disintegration (10/24)
Scrolls
 g - a scroll of recharging {unknown}
 h - 3 scrolls of identify
 k - a scroll of noise {unknown}
 m - 3 scrolls of amnesia
 p - a scroll of random uselessness {unknown}
 r - 2 scrolls of remove curse
 t - a scroll of fog {unknown}
 D - a scroll of enchant armour {unknown}
Potions
 d - a potion of lignification {unknown}
 e - a potion of brilliance {unknown}
 q - 2 potions of magic
 z - a potion of haste {unknown}
 A - a potion of curing
 B - a potion of berserk rage {unknown}
Books
 l - a book of Maledictions

   Spells                             Type                      Level
   a - Corona                         Hexes                        1
   b - Ensorcelled Hibernation        Hexes/Ice                    2
   c - Confuse                        Hexes                        3
   d - Tukima's Dance                 Hexes                        3
   e - Dazzling Spray                 Conjuration/Hexes            3
Comestibles
 f - 8 bread rations
 j - 10 fruits
 s - 5 meat rations
 w - a royal jelly


   Skills:
 + Level 8.8(7.4) Fighting
 + Level 8.6(7.3) Axes
 + Level 7.8(6.5) Armour
 - Level 3.9(2.7) Shields
 + Level 4.8(3.6) Evocations


You had 8 spell levels left.
You didn't know any spells.

Dungeon Overview and Level Annotations

Branches:
Dungeon (9/15)                Orc (0/2) D:9
 Temple: D:4-7         Lair: D:8-11

Altars:
Ashenzari
Fedhas
Nemelex Xobeh
The Shining One

Annotations:
D:6 exclusion: oklob plant


Innate Abilities, Weirdness & Mutations

You reflexively headbutt those who attack you in melee.
You have a pair of horns on your head.


Message History

* * * LOW HITPOINT WARNING * * *
You climb downwards.
There is a stone staircase leading up, spattered with blood here.
Okay, then.
Okay, then.
You see here a leather armour.
It was a potion of curing.
You feel better. You block the two-headed ogre's attack.
The two-headed ogre hits you with a giant spiked club.
* * * LOW HITPOINT WARNING * * *
Unknown command.
You slice the two-headed ogre!!
The two-headed ogre is heavily wounded.
The two-headed ogre closely misses you. The two-headed ogre barely misses you.
You hit the two-headed ogre.
The two-headed ogre is heavily wounded.
You hit the two-headed ogre.
The two-headed ogre is heavily wounded.
The two-headed ogre hits you with a giant spiked club!!
You die...

...............
...............
.............).
#+##...?.....#
#..#.......).#
.............#
#......(....#
.#...........#######
....<...[......O@.>#
.#..######.#.#######
#.. #.#.# .... #.#.#
.... #.#.# ....
#.#.# .... #.#.#
.... #.#.#


You could see a two-headed ogre.

Vanquished Creatures
  The ghost of Anon1729 the Sneak, a novice OpFE (D:6)
  A merfolk (D:9)
  Menkaure (D:4)
  A black bear (D:6)
  An ice beast (D:5)
  2 ogres
  3 bullfrogs (D:6)
  A water moccasin skeleton (D:6)
  3 wights (D:9)
  A crimson imp (D:5)
  7 hounds
  9 jellies (D:6)
  3 orc wizards
  A bullfrog skeleton (D:5)
  3 iguanas
  A worker ant (D:6)
  2 hound zombies
  A worker ant zombie (D:6)
  13 adders
  2 shadow imps (D:5)
  16 oozes
  3 adder skeletons
  3 worms
  2 dart slugs
  7 leopard geckos
  15 orcs
  7 giant cockroaches
  7 goblins
  8 hobgoblins
  8 jackals
  4 kobolds
  4 quokkas
  3 ball pythons
  6 bats
  5 frilled lizards
  A giant cockroach zombie (D:6)
  4 leopard gecko skeletons
  4 rats
  A plant (D:4)
165 creatures vanquished.

Vanquished Creatures (others)
  6 fungi (D:6)
6 creatures vanquished.

Grand Total: 171 creatures vanquished

Notes
Turn   | Place    | Note
-------+----------+-------------------------------------------
     0 | D:1      | mortelune the Minotaur Fighter began the quest for the Orb.
     0 | D:1      | Reached XP level 1. HP: 19/19 MP: 0/0
   207 | D:1      | Reached XP level 2. HP: 27/27 MP: 1/1
   859 | D:2      | Reached XP level 3. HP: 33/33 MP: 2/2
  1073 | D:2      | Reached XP level 4. HP: 36/41 MP: 3/3
  1168 | D:2      | Reached skill level 5 in Fighting
  1401 | D:2      | Reached XP level 5. HP: 48/48 MP: 4/4
  2149 | D:3      | Reached skill level 5 in Axes
  2610 | D:3      | Found a glowing golden altar of the Shining One.
  2821 | D:4      | Found a blossoming altar of Fedhas.
  3012 | D:4      | Reached XP level 6. HP: 44/57 MP: 1/5
  3088 | D:4      | Noticed Menkaure
  3101 | D:4      | Killed Menkaure
  3101 | D:4      | Reached skill level 1 in Evocations
  3732 | D:5      | Entered Level 5 of the Dungeon
  3769 | D:5      | Reached skill level 5 in Armour
  3838 | D:5      | Reached XP level 7. HP: 59/64 MP: 2/7
  3997 | D:5      | Found a shattered altar of Ashenzari.
  5145 | D:6      | Noticed an oklob plant
  5160 | D:6      | Reached XP level 8. HP: 69/73 MP: 9/9
  5446 | D:6      | Noticed Anon1729's ghost (novice OpFE)
  5461 | D:6      | HP: 2/73 [Anon1729's ghost/flame tongue (8)]
  6151 | D:6      | Found a sparkling altar of Nemelex Xobeh.
  6543 | D:6      | Killed Anon1729's ghost
  6543 | D:6      | Reached XP level 9. HP: 46/82 MP: 11/11
  6755 | D:7      | You fall through a shaft for 2 floors!
  6781 | D:9      | Noticed a merfolk
  6801 | D:9      | Killed a merfolk
  7103 | D:9      | Found a staircase to the Orcish Mines.
  7359 | D:8      | Noticed a two-headed ogre
  7372 | D:7      | HP: 4/82 [two-headed ogre/giant spiked club (30)]
  7389 | D:8      | Demolished by a two-headed ogre

Skill      XL: |  1  2  3  4  5  6  7  8 |
---------------+-------------------------+-----
Fighting       | 4 5 6 7 8 |  8.8
Axes           | 3 4 5 6 8 |  8.6
Armour         | 4 5 6 7 |  7.8
Evocations     | 1 2 4 |  4.8
Shields        | |  3.9

Action                   |  1- 3 |  4- 6 |  7- 9 || total
-------------------------+-------+-------+-------++-------
Melee: War axe           |    88 |   108 |   145 ||   341
       Headbutt          |    11 |    23 |    42 ||    76
       Flail             |       |    71 |    40 ||   111
       Hand axe          |       |       |    14 ||    14
Evoke: Wand              |       |       |     3 ||     3
  Use: Scroll            |       |     6 |     2 ||     8
       Potion            |       |       |     3 ||     3
  Eat: Chunk             |     1 |     9 |     8 ||    18
       Royal jelly       |       |       |     1 ||     1
Armor: Scale mail        |    52 |    19 |       ||    71
       Leather armour    |       |    34 |    66 ||   100
Dodge: Dodged            |    22 |    51 |    55 ||   128
Block: Shield            |    50 |    91 |    95 ||   236
